 Dungeon Sprint DCSS version 0.17-a0-1646-geb1493d (webtiles) character file.

58 nuthulu the Chucker (level 3, 0/37 HPs)
             Began as a Troll Hunter on Aug 11, 2015.
             Slain by a water elemental (4 damage)
             ... in the Dungeon (Sprint III: "The Ten Rune Challenge").
             The game lasted 00:01:24 (154 turns).

nuthulu the Chucker (Troll Hunter)                   Turns: 154, Time: 00:01:24

Health: 0/37       AC:  5    Str: 20    XL:     3   Next: 75%
Magic:  1/1        EV: 10    Int:  7    God:
Gold:   34         SH:  0    Dex:  9    Spells: 0 memorised, 2 levels left

rFire  . . .     SeeInvis .       - Unarmed
rCold  . . .     Rnd*Rage +     d - +0 robe
rNeg   . . .     SustAt   .     (no shield)
rPois  +         Gourm    +     (helmet restricted)
rElec  .         Spirit   .     (no cloak)
rCorr  .         Warding  .     (gloves unavailable)
rMut   .         NoTele   +     (boots unavailable)
MR     .....                    (no amulet)
Stlth  +.........               (no ring)
                                (no ring)

@: engulfed (cannot breathe), not resistant to hostile enchantments, very
unstealthy
A: unfitting armour, claws 3, berserk 1, clumsy 1, fast metabolism 3, gourmand,
low mp 1, poison resistance, regeneration 2, shaggy fur 1, tough skin 2,
MP-powered wands
a: no special abilities


You were in the Dungeon.
You were not hungry.

You visited 1 branch You collected 34 gold pieces.

Inventory:

Missiles
 a - a large rock (quivered)
 b - a throwing net
Armour
 d - a +0 robe (worn)
Magical devices
 l - a wand of polymorph (5)
Scrolls
 k - a scroll of blinking
 m - 3 scrolls of torment {unknown}
 n - a scroll of amnesia {unknown}
 o - a scroll of fear {unknown}
 t - a scroll of remove curse {unknown}
Potions
 f - a potion of curing
 g - a potion of heal wounds
 h - a potion of haste
 i - 2 potions of magic
 j - a potion of berserk rage
 q - a potion of brilliance {unknown}
 r - 3 potions of flight
 v - a potion of cure mutation {unknown}
Comestibles
 e - 2 bread rations
 p - 3 fruits
 u - a royal jelly


   Skills:
 + Level 3.4 Fighting
 + Level 4.9 Throwing
 + Level 3.3 Dodging
 - Level 0.4 Stealth
 + Level 3.5 Unarmed Combat


You had 2 spell levels left.
You didn't know any spells.

Dungeon Overview and Level Annotations

Branches:
Dungeon (1/1)

Altars:


Innate Abilities, Weirdness & Mutations

You are too large for most types of armour.
You have claws for hands.
Your metabolism is lightning-fast.
You like to eat raw meat.
You heal very quickly.
You are covered in fur (AC +1).
You have very tough skin (AC +2).
You tend to lose your temper in combat.
You are clumsy. (Dex -2)
Your magical capacity is low (-10% MP).
Your system is resistant to poisons.
You expend magic power (3 MP) to strengthen your wands.


Message History

The water elemental is severely damaged.
The water elemental barely misses you.
Throwing (i - inventory. (,) - cycle):
a - 3 large rocks (quivered)
Press: ? - help, Shift-Dir - straight line, f/p - water elemental
Aim: a water elemental (severely damaged)
You throw a large rock.
The large rock hits the water elemental.
The water elemental is almost destroyed.
The water elemental hits you!
* * * LOW HITPOINT WARNING * * *
The water elemental engulfs you in water!
Throwing (i - inventory. (,) - cycle):
a - 2 large rocks (quivered)
Press: ? - help, Shift-Dir - straight line, f/p - water elemental
Aim: a water elemental (almost destroyed)
You throw a large rock.
The large rock closely misses the water elemental.
* * * LOW HITPOINT WARNING * * *
Your lungs strain for air!
The water elemental hits you.
You die...

▓▓▓▓▓▓▓▓▓▓▓▓▓ ▓▓▓
▓<.#..+.....♣ ♣.#
▓..#..#....♣♣♣ ♣♣.#
▓#'####....♣.♣ ♣..#
▓.....#....≈.♣♣♣..###+#+##
▓.....#...≈≈.♣.♣♣.#.......
▓.....#..≈≈≈≈..♣@E'.⌠..(..
▓####'#..≈≈≈≈≈≈♣..#...####
▓.....#.≈≈≈≈≈≈....#.⌠.#
▓.....#.≈≈≈≈≈.....#...#
▓.[...#.≈≈≈.......#+###
▓'#####...........#
▓)................#
▓▓▓▓▓▓▓▓▓▓▓▓▓▓▓▓▓▓▓


You could see a water elemental.

Vanquished Creatures
  Jessica (D)
  A human (D)
  2 oozes (D)
  A phantom (D)
  A rat (D)
6 creatures vanquished.

Vanquished Creatures (others)
  A yaktaur (D)
  A plant (D)
2 creatures vanquished.

Grand Total: 8 creatures vanquished

Notes
Turn   | Place    | Note
--------------------------------------------------------------
     0 | D        | nuthulu the Troll Hunter began the quest for the Orb.
     0 | D        | Reached XP level 1. HP: 19/19 MP: 0/0
     2 | D        | Reached skill level 1 in Unarmed Combat
     5 | D        | Reached skill level 4 in Throwing
     5 | D        | Reached XP level 2. HP: 28/28 MP: 1/1
    18 | D        | Noticed Jessica
    18 | D        | Killed Jessica
    18 | D        | Reached XP level 3. HP: 33/37 MP: 2/2
    70 | D        | Killed a yaktaur
   124 | D        | Gained mutation: You expend magic power (3 MP) to strengthen your wands. [potion of mutation]
   124 | D        | Gained mutation: Your system is resistant to poisons. [potion of mutation]
   124 | D        | Gained mutation: You are clumsy. (Dex -2) [potion of mutation]
   125 | D        | Gained mutation: Your magical capacity is low (-10% MP). [potion of mutation]
   125 | D        | Gained mutation: You tend to lose your temper in combat. [potion of mutation]
   148 | D        | Noticed a water elemental
   154 | D        | Slain by a water elemental

Vault maps used:
D:        dungeon_sprint_mu

Action                   || total
-------------------------++-------
Melee: Short sword       ||     5
       Unarmed           ||     4
Throw: Large rock        ||    13
       Throwing net      ||     2
  Use: Scroll            ||     2
       Potion            ||     2
